 Dungeon Crawl Stone Soup version 0.24-a0-22-g2a401c0 (webtiles) character file.

Game seed: 16025817518883955250

70 Amnesiac the Digger (level 4, 26/30 HPs)
             Began as a Demonspawn Earth Elementalist on Feb 2, 2019.
             Quit the game on level 2 of the Dungeon.
             The game lasted 00:02:02 (497 turns).

Amnesiac the Digger (Demonspawn Earth Elementalist)  Turns: 497, Time: 00:02:02

Health: 26/30      AC:  2    Str:  8    XL:     4   Next: 4%
Magic:  4/8        EV: 12    Int: 18    God:
Gold:   10         SH:  0    Dex: 13    Spells: 5/8 levels left

rFire    . . .     SeeInvis .   i - +0 dagger
rCold    + . .     Gourm    .   (no shield)
rNeg     . . .     Faith    .   c - +0 robe
rPois    .         Spirit   .   (no helmet)
rElec    .         Reflect  .   (no cloak)
rCorr    .         Harm     .   (no gloves)
MR       .....                  (no boots)
Stlth    ++........             (no amulet)
HPRegen  0.10/turn              (no ring)
MPRegen  0.11/turn              (no ring)

@: no status effects
A: hooves 1, cold resistance 1, powered by death 1
a: no special abilities


You were on level 2 of the Dungeon.
You were not hungry.

You visited 1 branch of the dungeon, and saw 3 of its levels.

You collected 10 gold pieces.

Inventory:

Hand Weapons
 i - a +0 dagger (weapon)
Missiles
 b - 68 stones (quivered)
Armour
 c - a +0 robe (worn)
Scrolls
 a - a scroll of blinking {!r, unknown}
 h - a scroll of remove curse {!r, unknown}
Potions
 e - a potion of curing {!q, unknown}
 g - a potion of brilliance {!q, unknown}
 j - a potion of mutation {!q, unknown}
Comestibles
 d - a ration
 f - 6 chunks of flesh


   Skills:
 - Level 1.7 Dodging
 - Level 2.0 Stealth
 + Level 2.6 Spellcasting
 - Level 1.3 Transmutations
 * Level 3.8 Earth Magic


You had 5 spell levels left.
You knew the following spells:

 Your Spells              Type           Power        Failure   Level  Hunger
a - Sandblast             Erth           ###...       3%          1    #......
b - Passwall              Tmut/Erth      ##......     9%          2    ##.....

Your spell library contained the following spells:

 Spells                   Type           Power        Failure   Level  Hunger
 Stone Arrow              Conj/Erth      #.....       24%         3    ###....
 Petrify                  Tmut/Erth      ##......     50%         4    #####..
 Lee's Rapid Deconstruct  Erth           ###.......   69%         5    ######.


Dungeon Overview and Level Annotations

Branches:
Dungeon (3/15)

Altars:


Innate Abilities, Weirdness & Mutations

You have large cloven feet.
Your flesh is cold resistant. (rC+)
You regenerate a little health from kills.


Message History

The ooze closely misses you.
You climb upwards.
There is a stone staircase leading down here.
You hit the ooze.
The ooze is lightly wounded.
The ooze closely misses you.
You hit the ooze.
The ooze is moderately wounded.
The ooze closely misses you.
You hit the ooze.
The ooze is moderately wounded.
The ooze hits you but does no damage.
You barely miss the ooze.
The ooze is moderately wounded.
The ooze hits you.
You hit the ooze but do no damage.
The ooze is moderately wounded.
The ooze barely misses you.
You hit the ooze.
The ooze is heavily wounded.
The ooze hits you.
You hit the ooze.
The ooze is severely wounded.
The ooze misses you.
You hit the ooze.
The ooze is severely wounded.
The ooze closely misses you.
You hit the ooze but do no damage.
The ooze is severely wounded.
The ooze barely misses you.
You hit the ooze.
You kill the ooze!
No target in view!
You start resting.
HP restored.
An adder comes into view.
The adder hisses angrily.
An adder is nearby!
Casting: Sandblast (safe; 4% risk of failure)
Confirm with . or Enter, or press ? or * to list all spells.
Aiming: Sandblast (safe; 4% risk of failure)
Press: ? - help, Shift-Dir - straight line, f - adder
Aim: an adder The blast of sand hits the adder.
The adder is heavily wounded.
b - 69 stones Unknown command.
Casting: Sandblast (safe; 4% risk of failure)
Confirm with . or Enter, or press ? or * to list all spells.
Aiming: Sandblast (safe; 4% risk of failure)
Press: ? - help, Shift-Dir - straight line, f/p - adder
Aim: an adder (heavily wounded)
The blast of sand hits the adder!
You kill the adder!
You have reached level 4!
You feel clever.
Your demonic ancestry asserts itself...
Your feet thicken and deform.
b - 68 stones Some of the chunks of flesh in your inventory have rotted away.
Quiver which item? (- for none, * to show all) (? for menu, Esc to quit)
Okay, then.
Quiver which item? (- for none, * to show all) (? for menu, Esc to quit)
Okay, then.
Are you sure you want to abandon this character and quit the game? (Confirm with "yes".)

#.#........................
##.#..........#+............
#......#+##...#+............
#. #.#.#.##.................
#..#...)..'.................
##.....<..##.................
#............>...............
#.......#..........##...###..
######..+....@....#.+..... .
#..#.......###.#......
#..#...................
#..#...........#.......
#..#.####+#.##...... #..#.
#.. ...... # .... ....#
..........+ ..........#


There were no monsters in sight!

Vanquished Creatures
  A crimson imp (D:2)
  An adder (D:2)
  An ooze (D:2)
  3 dart slugs
  A bat (D:2)
  A giant cockroach (D:2)
  2 goblins (D:1)
  2 hobgoblins
  4 jackals (D:1)
  2 kobolds (D:1)
18 creatures vanquished.

Notes
Turn   | Place    | Note
-------+----------+-------------------------------------------
     0 | D:1      | Amnesiac the Demonspawn Earth Elementalist began the quest
                  | for the Orb.
     0 | D:1      | Reached XP level 1. HP: 13/13 MP: 3/3
   232 | D:1      | Reached skill level 3 in Earth Magic
   232 | D:1      | Gained mutation: You regenerate a little health from kills.
                  | [demonic ancestry]
   232 | D:1      | Reached XP level 2. HP: 18/19 MP: 3/5
   323 | D:1      | Learned a level 2 spell: Passwall
   346 | D:2      | Noticed a crimson imp
   357 | D:2      | Killed a crimson imp
   357 | D:2      | Reached skill level 1 in Transmutations
   357 | D:2      | Gained mutation: Your flesh is cold resistant. (rC+)
                  | [demonic ancestry]
   357 | D:2      | Reached XP level 3. HP: 24/24 MP: 0/6
   492 | D:2      | Gained mutation: You have large cloven feet. [demonic
                  | ancestry]
   492 | D:2      | Reached XP level 4. HP: 25/30 MP: 4/8
   497 | D:2      | Quit the game

Vault maps used:
D:1:      sevenhm_arrival_forest_fort_small_5
D:2:      first_ration

Skill      XL: |  1  2 |
---------------+-------+-----
Stealth        | 2 |  2.0
Earth Magic    | 3 |  3.8
Transmutations | 1 |  1.3
Dodging        | |  1.7
Spellcasting   | |  2.6

Action                   |  1- 3 |  4- 6 || total
-------------------------+-------+-------++-------
Melee: Unarmed           |    11 |       ||    11
       Dagger            |    39 |       ||    39
 Cast: Sandblast         |    21 |     1 ||    22
 Stab: Sleeping          |     1 |       ||     1
Armor: Robe              |    10 |       ||    10
Dodge: Dodged            |    47 |       ||    47

Table legend:
 A = Non-vault XP
 B = Vault XP
 C = Vault XP percentage of total XP
 D = Non-vault monster count
 E = Vault monster count
 F = Vault count percentage of total count
                 A         B        C        D         E       F
            +---------+---------+-------+---------+---------+-------
      Total |     101 |       0 |   0.0 |      18 |       0 |   0.0
            +---------+---------+-------+---------+---------+-------
        D:1 |      25 |       0 |   0.0 |      11 |       0 |   0.0
        D:2 |      76 |       0 |   0.0 |       7 |       0 |   0.0
            +---------+---------+-------+---------+---------+-------
